AoeStats
← RAGEgh

Arena

507860980Analyzed
2v2 RM · 13d ago on Sep 20, 2026· 75m 49s· 4 players
Game mode
Random Map
Map size
Medium (4 player)
Population
200
Speed
Normal
Resources
Standard
Victory
Conquest
Starting age
Dark Age
Ending age
Imperial Age
RankedLock teamsTeams togetherTeam positionsShared explorationLock speedFull tech treeHidden civsTurbo modeCheats
Victory
Defeat
🇺🇸 Romans · United States
534
+14
🇺🇸 Vietnamese · United States
526
+15
🇫🇷 Chinese · France
508
-15
🇨🇱 Romans · Chile
485
-14
RAGEgh
1:04 Loom
14:06 Feudal Age
16:07 Double-Bit Axe
26:47 Castle Age
25:54 Wheelbarrow
25:36 Stone Mining
25:43 Gold Mining
31:41 Hand Cart
35:11 Pikeman
35:38 Arson
35:54 Squires
43:41 Bow Saw
43:26 Horse Collar
49:37 Great Wall
52:59 Imperial Age
57:58 Caravan
58:06 Caravan
59:56 Elite Chu Ko Nu
61:30 Heavy Plow
62:35 Two-Man Saw
61:31 Fletching
61:41 Padded Archer Armor
64:25 Rocketry
65:21 Heavy Rocket Cart
66:47 Fortified Wall
66:47 Bodkin Arrow
67:23 Leather Archer Armor
70:02 Sappers
70:56 Conscription
Benvlon
5:11 Loom
13:43 Feudal Age
16:51 Double-Bit Axe
20:23 Man-at-Arms
23:55 Castle Age
22:31 Wheelbarrow
25:25 Caravan
25:46 Squires
25:44 Crossbowman
26:12 Long Swordsman
27:26 Town Watch
28:26 Bow Saw
29:07 Elite Skirmisher
31:07 Town Patrol
31:09 Horse Collar
32:38 Pikeman
33:50 Hand Cart
35:12 Gold Mining
35:13 Stone Mining
35:31 Scale Mail Armor
35:22 Fletching
39:48 Imperial Age
41:44 Legionary
43:27 Cavalier
45:57 Husbandry
50:16 Heavy Scorpion
54:19 Halberdier
56:55 Onager
Pikablu
9:30 Loom
11:35 Feudal Age
16:23 Castle Age
14:13 Horse Collar
23:53 Wheelbarrow
23:27 Treadmill Crane
26:32 Fletching
27:10 Bloodlines
27:01 Town Watch
33:52 Imperial Age
31:38 Hand Cart
31:26 Town Patrol
31:36 Padded Archer Armor
32:00 Ballistics
33:41 Leather Archer Armor
33:22 Bodkin Arrow
33:30 Husbandry
32:51 Light Cavalry
35:19 Ring Archer Armor
36:21 Chemistry
35:27 Siege Engineers
36:27 Bracer
36:33 Scale Barding Armor
36:37 Stone Mining
38:10 Murder Holes
38:25 Fortified Wall
38:39 Chain Barding Armor
38:29 Forging
38:46 Heavy Plow
38:38 Double-Bit Axe
38:57 Elite Rattan Archer
40:15 Paper Money
41:35 Hoardings
42:28 Stone Shaft Mining
42:47 Plate Barding Armor
43:59 Iron Casting
44:55 Gold Mining
46:33 Bombard Tower
46:47 Crop Rotation
46:30 Bow Saw
48:46 Sappers
50:13 Guilds
56:19 Two-Man Saw
67:52 Caravan
Nightman is a Racist
11:43 Feudal Age
12:08 Horse Collar
12:16 Double-Bit Axe
19:20 Castle Age
19:32 Fletching
19:49 Padded Archer Armor
20:11 Heavy Plow
20:23 Bow Saw
21:28 Wheelbarrow
23:42 Bodkin Arrow
25:50 Leather Archer Armor
26:03 Crossbowman
27:25 Hand Cart
27:15 Gold Mining
33:01 Imperial Age
34:10 Man-at-Arms
34:51 Squires
35:54 Forging
35:44 Scale Mail Armor
36:15 Ring Archer Armor
35:52 Scale Barding Armor
35:51 Loom
35:51 Town Watch
36:36 Conscription
36:54 Gold Shaft Mining
36:10 Stone Mining
37:17 Iron Casting
36:09 Heavy Scorpion
36:58 Ballistas
37:00 Husbandry
37:10 Bloodlines
37:04 Long Swordsman
38:18 Chain Mail Armor
38:01 Elite Centurion
39:18 Legionary
40:21 Chain Barding Armor
41:54 Blast Furnace
42:02 Crop Rotation
43:17 Plate Barding Armor
44:54 Comitatenses
44:08 Onager
53:08 Siege Engineers
53:23 Ballistics
54:04 Chemistry
53:00 Murder Holes
53:15 Masonry
53:17 Fortified Wall
53:11 Town Patrol
58:09 Guilds
58:00 Caravan
59:34 Architecture
Connection lost

Rejoining the realm…

Still unreachable

The connection could not be restored.

Session expired

The server has moved on; the page needs a fresh start.